 Dungeon Crawl Stone Soup version 0.28-a0-537-g3bccd9ccbf (webtiles) character file.

Game seed: 9717148190014161948

242 Benben the Ruffian (level 5, -2/54 HPs)
             Began as a Troll Berserker on Sept 28, 2021.
             Was a Believer of Trog.
             Slain by Crazy Yiuf (3 damage)
             ... on level 3 of the Dungeon.
             The game lasted 00:04:40 (1952 turns).

Benben the Ruffian (Troll Berserker)                Turns: 1952, Time: 00:04:41

Health: -2/54      AC:  4    Str: 26    XL:     5   Next: 82%
Magic:  4/4        EV: 10    Int:  3    God:    Trog [**....]
Gold:   111        SH:  0    Dex:  9    Spells: 4/4 levels left

rFire   . . .      SeeInvis .     - Unarmed
rCold   . . .      Faith    .   (no shield)
rNeg    . . .      Spirit   .   a - +0 animal skin
rPois   .          Reflect  .   (helmet restricted)
rElec   .          Harm     .   (no cloak)
rCorr   .          Rampage  .   (gloves unavailable)
Will    .....                   (boots unavailable)
Stlth   +.........              (no amulet)
HPRegen 1.18/turn               (no ring)
MPRegen 0.09/turn               (no ring)

@: confused, mighty, lethally poisoned (-2 -> -3)
A: large, unfitting armour, claws 3, regeneration 1, shaggy fur 1, tough skin 1
a: Renounce Religion, Berserk, Trog's Hand


You were on level 3 of the Dungeon.
You worshipped Trog.
Trog was pleased with you.
You visited 1 branch of the dungeon, and saw 3 of its levels.

You collected 111 gold pieces.

Inventory:

Hand Weapons
 i - a +0 war axe of venom
Armour
 a - a +0 animal skin (worn)
Wands
 m - a wand of acid (11)
Scrolls
 b - 3 scrolls of enchant weapon {unknown}
 c - a scroll of immolation {unknown}
 g - a scroll of fear {unknown}
Potions
 d - a potion of brilliance {unknown}
 e - a potion of attraction {unknown}
 f - a potion of curing {unknown}
 h - a potion of heal wounds {unknown}
 j - a potion of lignification {unknown}
 k - a potion of magic {unknown}
 l - a potion of haste {unknown}


   Skills:
 + Level 3.7 Fighting
 + Level 3.7 Dodging
 + Level 4.5 Unarmed Combat


You had 4 spell levels left.
You didn't know any spells.
Your spell library was empty.

Dungeon Overview and Level Annotations

Branches:
Dungeon (3/15)

Altars:

Annotations:
D:3 Crazy Yiuf


Innate Abilities, Weirdness & Mutations

You are too large for most types of armour.
You have claws for hands.
Your natural rate of healing is unusually fast.
You are covered in fur. (AC +1)
You have tough skin. (AC +1)


Message History

No reachable target in view!
No reachable target in view!
No reachable target in view!
No reachable target in view!
No reachable target in view!
No reachable target in view!
No reachable target in view!
No reachable target in view!
No reachable target in view!
No reachable target in view!
No reachable target in view!
As you open the door, it creaks loudly!
You scratch Crazy Yiuf.
Crazy Yiuf is lightly wounded.
Crazy Yiuf hits you with a +3 quarterstaff of chaos!
You claw Crazy Yiuf!
Crazy Yiuf is heavily wounded.
Crazy Yiuf hits you with a +3 quarterstaff of chaos.
You feel very mighty all of a sudden.
You completely miss Crazy Yiuf.
Crazy Yiuf is heavily wounded.
Crazy Yiuf hits you with a +3 quarterstaff of chaos!
You are poisoned.
You barely miss Crazy Yiuf.
Crazy Yiuf is heavily wounded.
You feel very sick.
Crazy Yiuf hits you with a +3 quarterstaff of chaos.
You are confused.
You closely miss Crazy Yiuf.
Crazy Yiuf is heavily wounded.
You feel sick.
Crazy Yiuf hits you with a +3 quarterstaff of chaos.
You scratch Crazy Yiuf.
Crazy Yiuf is heavily wounded.
You feel very sick.
Crazy Yiuf yells, "Tonal!"
Crazy Yiuf hits you with a +3 quarterstaff of chaos!
* * * LOW HITPOINT WARNING * * *
Crazy Yiuf burns you.
You die...

#.##
#....###.#.##
#.# #....#
##.## #.#
♣....♣ #.#
#.# ♣♣.♣.♣
#.# #.# ♣♣.♣♣
#.# ##.# ♣♣.♣
##.#
######..#
♣.♣♣ #..#
#.......#
♣♣.♣ #.####
#.####..#
♣@♣♣ #....#
#.# #### #g#
#.##.# # #.#
... #.##.#
### #.#######
#...#
#.##>#####..
#.......#
#)..#
#.##.#.....#
#########
#####
#.##.#.#####
#.##.#.# #
###
#.##.#.#####
#.#####
#.##........


You could see Crazy Yiuf.

Vanquished Creatures
  A necrophage (D:3)
  An orc wizard (D:3)
  Robin (D:2)
  3 adders
  2 worms (D:2)
  2 dart slugs
  5 orcs (D:3)
  3 ball pythons
  8 bats
  8 endoplasms
  3 giant cockroaches
  14 goblins
  7 hobgoblins
  3 kobolds
  4 quokkas
  2 frilled lizards
  6 rats
73 creatures vanquished.

Notes
Turn   | Place    | Note
-------+----------+-------------------------------------------
     0 | D:1      | Benben the Troll Berserker began the quest for the Orb.
     0 | D:1      | Reached XP level 1. HP: 22/22 MP: 0/0
   118 | D:1      | Reached XP level 2. HP: 29/29 MP: 1/1
   678 | D:2      | Reached XP level 3. HP: 30/36 MP: 2/2
   681 | D:1      | Reached ** piety under Trog
   721 | D:2      | Noticed Robin
   761 | D:2      | Killed Robin
   792 | D:2      | Reached XP level 4. HP: 45/45 MP: 3/3
  1053 | D:2      | Found a faded altar of an unknown god.
  1160 | D:3      | Noticed a necrophage
  1168 | D:3      | Killed a necrophage
  1169 | D:3      | Reached skill level 4 in Unarmed Combat
  1169 | D:3      | Reached XP level 5. HP: 53/53 MP: 4/4
  1772 | D:3      | Found a runed translucent door.
  1773 | D:3      | Noticed Crazy Yiuf
  1952 | D:3      | HP: 1/54 [Crazy Yiuf (15)]
  1952 | D:3      | Slain by Crazy Yiuf

Illustrated notes

Levels and vault maps discovered:
D:1:      eino_arrival_cavern_d, layout_loops_ring, serial_park_tiny_1,
          glass_columns_b
D:2:      layout_rooms, shapermc_ecumenical_altar_mp_vishouse, uniq_robin
D:3:      layout_loops_ring, minmay_mini_jars, uniq_crazy_yiuf_cottage

Skill      XL: |  1  2  3  4 |
---------------+-------------+-----
Dodging        | 3 |  3.7
Fighting       | 3 |  3.7
Unarmed Combat | 4 |  4.5

Action                   |  1- 3 |  4- 6 || total
-------------------------+-------+-------++-------
Melee: Unarmed           |   109 |    94 ||   203
       Punch             |     2 |     1 ||     3
Invok: Berserk           |       |     1 ||     1
 Stab: Sleeping          |     1 |     1 ||     2
Armor: Animal skin       |    36 |    40 ||    76
Dodge: Dodged            |    56 |    43 ||    99

Table legend: (Time is in decaauts)
 A = Elapsed time spent in this place.
 B = Non-inter-level travel time spent in this place.
 C = Inter-level travel time spent in this place.
 D = Time resting spent in this place.
 E = Time spent auto-exploring this place.
 F = Levels seen in this place.
 G = Mean time per level.
                   A        B        C        D        E       F      G
               +--------+--------+--------+--------+--------+-----+--------+
         Total |   1947 |   1877 |     70 |     37 |   1431 |   3 |  649.0 |
       Dungeon |   1947 |   1877 |     70 |     37 |   1431 |   3 |  649.0 |
               +--------+--------+--------+--------+--------+-----+--------+

Top non-repeatable levels by time:
     D:3: 844 daAuts
     D:1: 684 daAuts
     D:2: 418 daAuts
